 Dungeon Crawl Stone Soup version 0.28-a0-422-gd71735cc25 (webtiles) character file.

Game seed: 5915583744438332698

10607 hatdisgam the Cleaver (level 11, -10/80 HPs)
             Began as a Formicid Hunter on Sept 9, 2021.
             Was a Follower of Dithmenos.
             Mangled by a sixfirhy (12 damage)
             ... summoned by an obsidian statue
             ... in a Gauntlet.
             The game lasted 00:28:09 (16083 turns).

hatdisgam the Cleaver (Formicid Hunter)            Turns: 16083, Time: 00:28:09

Health: -10/80     AC: 19    Str: 19    XL:     11   Next: 96%
Magic:  0/11       EV: 11    Int: 12    God:    Dithmenos [*.....]
Gold:   284        SH:  4    Dex: 11    Spells: 10/10 levels left

rFire   . . .      SeeInvis +   b - +1 war axe (drain)
rCold   + . .      Faith    .   K - +0 buckler
rNeg    . . .      Spirit   +   E - +3 scale mail {rC+}
rPois   .          Reflect  .   (helmet unavailable)
rElec   .          Harm     .   H - +1 cloak {Will+}
rCorr   .          Rampage  .   j - +0 pair of gloves
Will    ++...                   i - +0 pair of boots
Stlth   ..........              n - amulet of guardian spirit
HPRegen 0.23/turn               D - +4 ring of protection
MPRegen 0.12/turn               (no ring)

@: mesmerised, wreathed by umbra
A: permanent stasis, dig shafts and tunnels, antennae 3, four strong arms
a: Dig, Renounce Religion


You were in a Gauntlet.
You worshipped Dithmenos.
Dithmenos was aware of your devotion.
You visited 3 branches of the dungeon, and saw 14 of its levels.
You also visited: Gauntlet.

You collected 654 gold pieces.
You spent 370 gold pieces at shops.

Inventory:

Hand Weapons
 a - a +1 hand crossbow
 b - a +1 war axe of draining (weapon)
 g - a +0 dagger
 l - a +0 short sword
 m - a +0 spear
 u - a +0 hand axe
 v - a +0 vorpal morningstar
 A - a +3 trident of freezing
 L - a +0 war axe
Missiles
 d - 81 bolts
Armour
 c - a +0 leather armour
 f - a +0 ring mail
 i - a +0 pair of boots (worn)
 j - a +0 pair of gloves (worn)
 y - a +0 chain mail
 E - a +3 scale mail of cold resistance (worn)
 H - a +1 cloak of willpower (worn)
 K - a +0 buckler (worn)
Jewellery
 n - an amulet of guardian spirit (around neck)
 w - an amulet of the acrobat
 D - a +4 ring of protection (left hand)
Wands
 o - a wand of flame (13)
 q - a wand of charming (16)
 C - a wand of mindburst (9)
 G - a wand of polymorph (9)
 N - a wand of digging (6)
Scrolls
 k - 3 scrolls of immolation {unknown}
 x - 5 scrolls of teleportation {unknown}
 F - 2 scrolls of enchant armour
 I - a scroll of silence
 J - 2 scrolls of noise
 M - a scroll of blinking
 O - a scroll of amnesia
 Q - a scroll of fog
Potions
 e - 2 potions of curing
 p - 2 potions of lignification
 r - 2 potions of ambrosia
 t - a potion of magic
 B - 3 potions of brilliance {unknown}
 P - 2 potions of cancellation {unknown}
 R - a potion of mutation {unknown}


   Skills:
 - Level 5.4 Fighting
 * Level 12.5 Axes
 + Level 10.3 Crossbows
 - Level 5.3 Armour
 + Level 4.5 Dodging
 - Level 1.2 Stealth
 - Level 2.4 Shields


You had 10 spell levels left.
You didn't know any spells.
Your spell library contained the following spells:

 Spells                   Type           Power      Damage    Failure   Level
 Magic Dart               Conj           0%         1d3       67%         1
 Call Imp                 Summ           0%         N/A       80%         2
 Corpse Rot               Necr/Air       N/A        N/A       80%         2
 Slow                     Hex            0%         N/A       80%         2
 Sublimation of Blood     Necr           0%         N/A       80%         2
 Confusing Touch          Hex            0%         N/A       95%         3
 Lesser Beckoning         Tloc           0%         N/A       95%         3
 Mephitic Cloud           Conj/Pois/Air  0%         N/A       95%         3
 Dispel Undead            Necr           0%         3d6       100%        4
 Petrify                  Tmut/Erth      0%         N/A       100%        4
 Irradiate                Conj/Tmut      0%         3d13      100%        5
 Manifold Assault         Tloc           0%         N/A       100%        5
 Metabolic Englaciation   Hex/Ice        0%         N/A       100%        5
 Yara's Violent Unravell  Hex/Tmut       0%         3d3       100%        5
 Death Channel            Necr           0%         N/A       100%        6
 Statue Form              Tmut/Erth      0%         N/A       100%        6
 Blink                    Tloc           Unusable   N/A       N/A         2

Dungeon Overview and Level Annotations

Branches:
Dungeon (10/15)            Temple (1/1) D:4            Lair (3/6) D:10
  Snake (0/4) Lair:2          Orc (0/2) D:10        Gauntlet (1/1)
  Swamp: Lair:2-4    Shoals: Lair:2-4

Altars:
Ashenzari
Cheibriados
Dithmenos
Elyvilon
Fedhas
Gozag
Hepliaklqana
Kikubaaqudgha
Makhleb
Nemelex Xobeh
Okawaru
Qazlal
Ru
Sif Muna
Trog
Uskayaw
Vehumet
Wu Jian
Xom
Yredelemnul
Zin
The Shining One

Shops:
D:4 :   D:6 [(=**

Annotations:
D:3 2 runed translucent doors, AttackTheMoon's ghost, amateur NaCA
Lair:2 Erica Gauntlet 9 transporters, exclusion: obsidian statue


Innate Abilities, Weirdness & Mutations

You cannot be hasted, slowed, berserked, paralysed or teleported.
You can dig through walls and to a lower floor.
You have a pair of large antennae on your head. (SInv)
Your four strong arms can wield two-handed weapons with a shield.


Message History

The ufetubus hits you but does no damage. x2
Unknown command.
Okay, then.
Okay, then.
You slash the obsidian statue!
The obsidian statue is moderately damaged.
You barely miss the ufetubus. You hit the white imp but do no damage.
You barely miss the sixfirhy.
The ufetubus hits you but does no damage.
You block the ufetubus's attack.
The white imp grinds its teeth.
The white imp misses you.
You hit the obsidian statue.
The obsidian statue is moderately damaged.
You barely miss the sixfirhy. You hit the white imp but do no damage.
You hit the ufetubus.
The ufetubus hits you but does no damage.
You block the ufetubus's attack. The white imp puffs mist at you.
You block the white imp's attack.
The ufetubus hits you but does no damage.
The ufetubus barely misses you. The iron imp puffs mist at you.
You hit the obsidian statue.
The obsidian statue is heavily damaged.
You completely miss the sixfirhy. You hit the white imp.
You kill the white imp!
The white imp disappears in a puff of smoke!
You hit the ufetubus but do no damage.
The sixfirhy hits you but does no damage.
The sixfirhy hits you.
* * * LOW HITPOINT WARNING * * *
The sixfirhy shocks you!
* * * LOW HITPOINT WARNING * * *
The ufetubus hits you.
* * * LOW HITPOINT WARNING * * *
The ufetubus barely misses you. The sixfirhy hits you!
* * * LOW HITPOINT WARNING * * *
The sixfirhy shocks you!
You die...

.#
##.8.....8..............
##...............8.....8.
#≈...###########.........
##...#.........#...######
#≈...#.#.#.#.#.#...#.....
##...#?.#.#.#..#####.####
#≈...#(#.#.#.#.#...#[#^..
##.8.#©8#5©.#..#©8©#©#.©.
#≈...#{#@#.#.#.#...#.#..^
##...#[3#§#.#..#####..###
#≈...#.#.#.#.#.#...#^....
##§..#.........#...######
#§§..###########.........
##...............8.....8.
#≈.8.....§8.............§
##.......§.§.....#≈#§#≈#≈
##≈#≈#≈#§#§#≈#≈#########


You could see an obsidian statue (mesmerising), a sixfirhy (summoned) and an
ufetubus (summoned).

Vanquished Creatures
  Pikel (D:7)
  A manticore (D:10)
  2 cane toads
  Maurice (D:9)
  Psyche (D:8)
  An unseen horror (D:10)
  A komodo dragon (Lair:3)
  2 trolls
  Grinder (D:3)
  A hornet (D:8)
  Sigmund (D:5)
  4 shadows (Gauntlet)
  A vampire (D:9)
  A basilisk (Lair:1)
  9 yaks
  A steam dragon (D:8)
  8 vampire mosquitoes
  3 water moccasins
  4 orc warriors
  An ice beast (D:6)
  6 centaurs
  2 phantoms
  2 kobold brigands
  3 bullfrogs
  3 scorpions
  A wyvern skeleton (D:6)
  4 killer bees (D:10)
  7 wights
  2 howler monkeys
  A bullfrog zombie (D:5)
  4 centaur zombies
  2 jellies
  A bullfrog skeleton (D:6)
  3 hounds
  Crazy Yiuf (D:5)
  4 orc priests
  7 orc wizards
  4 iguanas
  2 killer bee zombies
  A hound zombie (D:5)
  A howler monkey zombie (D:8)
  3 adders
  3 ufetubi
  2 worms (D:2)
  2 dart slugs
  48 orcs
  7 endoplasms
  11 goblins
  5 hobgoblins
  2 jackals (D:3)
  2 quokkas
  2 ball pythons (D:1)
  2 bats
  4 frilled lizards
  16 kobolds
  4 rats
219 creatures vanquished.

Vanquished Creatures (others)
  4 fungi (Lair:3)
  25 plants
29 creatures vanquished.

Grand Total: 248 creatures vanquished

Notes
Turn   | Place    | Note
-------+----------+-------------------------------------------
     0 | D:1      | hatdisgam the Formicid Hunter began the quest for the Orb.
     0 | D:1      | Reached XP level 1. HP: 16/16 MP: 1/1
    92 | D:1      | Reached XP level 2. HP: 22/22 MP: 2/2
   604 | D:1      | Reached XP level 3. HP: 23/27 MP: 3/3
  2209 | D:2      | Reached XP level 4. HP: 33/33 MP: 4/4
  2565 | D:3      | Found a runed translucent door.
  2815 | D:3      | Found a runed translucent door.
  2948 | D:3      | Noticed Grinder
  2961 | D:3      | Killed Grinder
  2962 | D:3      | Reached skill level 3 in Axes
  2962 | D:3      | Reached skill level 5 in Crossbows
  2962 | D:3      | Reached XP level 5. HP: 32/38 MP: 3/5
  2962 | D:3      | Reached XP level 6. HP: 38/44 MP: 3/6
  3120 | D:3      | Found a stormy altar of Qazlal.
  3263 | D:3      | Noticed AttackTheMoon's ghost (amateur NaCA)
  3288 | D:3      | Found a faded altar of an unknown god.
  3418 | D:3      | Found a blossoming altar of Fedhas.
  3598 | D:4      | Found Nakky's Book Boutique.
  4150 | D:4      | Noticed an orc warrior
  4230 | D:4      | Found a hazy altar of Hepliaklqana.
  4319 | D:4      | Found a staircase to the Ecumenical Temple.
  4332 | Temple   | Entered the Ecumenical Temple
  4665 | D:4      | Found a sacrificial altar of Ru.
  4835 | D:5      | Entered Level 5 of the Dungeon
  4841 | D:5      | Reached skill level 4 in Axes
  4841 | D:5      | Reached XP level 7. HP: 50/50 MP: 7/7
  5063 | D:5      | Reached skill level 1 in Armour
  5427 | D:5      | Noticed Sigmund
  5435 | D:5      | You fall into a shaft and drop 1 floor!
  5768 | D:6      | Found Ygromil's Assorted Antiques.
  5788 | D:6      | Reached skill level 5 in Axes
  5788 | D:6      | Reached XP level 8. HP: 17/56 MP: 2/8
  5888 | D:6      | You fall into a shaft and drop 3 floors!
  5888 | D:9      | Noticed Maurice
  5893 | D:9      | Noticed a two-headed ogre
  5896 | D:9      | You fall into a shaft and drop 1 floor!
  5896 | D:10     | Entered Level 10 of the Dungeon
  6136 | D:10     | Found a staircase to the Lair.
  6146 | D:10     | Noticed a troll
  6157 | D:10     | Killed a troll
  6356 | D:10     | Reached skill level 6 in Axes
  6434 | D:9      | HP: 2/51 [wight (3)]
  6542 | D:8      | Reached skill level 7 in Axes
  6542 | D:8      | Reached XP level 9. HP: 29/62 MP: 4/9
  6874 | D:7      | Noticed Pikel
  6912 | D:7      | Killed Pikel
  6927 | D:7      | Reached skill level 8 in Axes
  7298 | D:7      | Found an iron altar of Okawaru.
  7298 | D:7      | Found a snail-covered altar of Cheibriados.
  7376 | D:6      | Bought a runed scale mail for 182 gold pieces
  7476 | D:6      | Found Quahoc's Assorted Antiques.
  7571 | D:6      | Found Ymoraceq's Antique Weapon Shoppe.
  8274 | D:5      | Killed Sigmund
  8275 | D:5      | Reached XP level 10. HP: 73/73 MP: 10/10
  8336 | D:5      | Found a runed translucent door.
  8337 | D:5      | Noticed Crazy Yiuf
  8472 | D:5      | Killed Crazy Yiuf
  8759 | D:5      | Reached skill level 9 in Axes
  8806 | D:6      | Found a shimmering blue altar of Sif Muna.
  8918 | D:6      | Reached skill level 5 in Fighting
  9295 | D:6      | Found Jammou's Armour Boutique.
  9351 | D:6      | Found Xatiymm's Jewellery Boutique.
  9844 | D:6      | Bought a glowing war axe for 188 gold pieces
 10464 | D:7      | You fall into a shaft and drop 2 floors!
 10945 | D:9      | Killed Maurice
 10946 | D:9      | Reached skill level 10 in Axes
 11703 | D:7      | Found a shadowy altar of Dithmenos.
 11717 | D:7      | Became a worshipper of Dithmenos the Shadowed
 11851 | D:8      | Noticed Psyche
 11859 | D:8      | Killed Psyche
 11860 | D:8      | Reached skill level 5 in Armour
 12634 | D:9      | Reached XP level 11. HP: 58/80 MP: 9/11
 12901 | D:7      | You fall into a shaft and drop 2 floors!
 13532 | D:10     | Noticed a two-headed ogre
 13811 | D:10     | Reached skill level 1 in Shields
 13820 | D:10     | Reached skill level 11 in Axes
 14154 | D:10     | Found a staircase to the Orcish Mines.
 14180 | D:10     | Reached * piety under Dithmenos
 14545 | D:10     | Noticed a manticore
 14556 | D:10     | Killed a manticore
 15188 | Lair:1   | Entered Level 1 of the Lair of Beasts
 15316 | Lair:1   | Reached skill level 10 in Crossbows
 15327 | Lair:1   | Reached skill level 12 in Axes
 15456 | Lair:1   | Found a stormy altar of Qazlal.
 15496 | Lair:1   | You fall into a shaft and drop 1 floor!
 15496 | Lair:2   | Found a staircase to the Snake Pit.
 15497 | Lair:2   | Noticed Erica
 15504 | Lair:2   | You fall into a shaft and drop 1 floor!
 15520 | Lair:3   | Found a gate leading to a gauntlet.
 15736 | Gauntlet | Entered a Gauntlet
 15736 | Gauntlet | Found a transporter.
 15758 | Gauntlet | Found a transporter.
 15777 | Gauntlet | Found a transporter.
 15781 | Gauntlet | Found a transporter.
 15786 | Gauntlet | Noticed a moth of wrath
 15787 | Gauntlet | Found a transporter.
 15805 | Gauntlet | Noticed a thrashing horror
 15807 | Gauntlet | Found a transporter.
 15810 | Gauntlet | Found a transporter.
 15814 | Gauntlet | Found a transporter.
 15823 | Gauntlet | Noticed a thrashing horror
 15824 | Gauntlet | Found the amulet of the Air {Inacc Air Fly rElec RMsl}
 15844 | Gauntlet | Found a transporter.
 15844 | Gauntlet | Found a transporter.
 15844 | Gauntlet | Noticed an obsidian statue
 15845 | Gauntlet | Noticed a moth of wrath
 15852 | Gauntlet | Found a transporter.
 15891 | Gauntlet | Found a transporter.
 15919 | Gauntlet | Noticed a wolf spider
 16078 | Gauntlet | Noticed a sixfirhy
 16083 | Gauntlet | HP: 2/80 [sixfirhy[an obsidian statue] (7)]
 16083 | Gauntlet | Mangled by a sixfirhy

Illustrated notes

Levels and vault maps discovered:
D:1:      lightli_arrival_statue_moat, layout_loops_corners, serial_park_tiny_2
D:2:      layout_basic, serial_forest, infiniplex_forest_end_1,
          infiniplex_forest_clump_large, infiniplex_forest_clump_C,
          infiniplex_forest_clump_double, infiniplex_forest_straight_2,
          infiniplex_forest_clump_tiny, infiniplex_forest_3_way,
          infiniplex_forest_clump_tiny, infiniplex_forest_clump_small
D:3:      wander_river, layout_loops_ring, old_standard_altar,
          overflow_temple_1_default, shapermc_ecumenical_altar_totnotflames,
          ebering_ghost_sewer_f, uniq_grinder
D:4:      layout_rooms, pf_just_have_faith, nicolae_ru_awakened_eye,
          minmay_temple_entry_mini_moons, serial_shops, shop,
          guppyfry_early_orc_mine
D:5:      layout_cave_pools, uniq_crazy_yiuf_cottage, uniq_sigmund
D:6:      layout_loops_ring, mainiacjoe_overflow_boulevard, serial_shops, shop,
          shop_fountains, nicolae_shop_overgrown_old_shop,
          nicolae_shop_overgrown_old_shop,
          nicolae_shop_temple_entry_statues_fountains, nrook_uturn,
          lexackson_kobold_supper
D:7:      layout_layer_cave, grunt_dithmenos_shadows,
          gammafunk_temple_overflow_pools, uniq_pikel
D:8:      layout_loops_ring, kennysheep_another_room, uniq_psyche
D:9:      layout_loops_ring, uniq_maurice
D:10:     layout_loops_corners, dpeg_oklobed_lair, hiddenorc1_lemuel
Temple:   nicolae_temple_great_sept
Lair:1:   layout_chaotic_city, basic_altar
Lair:2:   layout_roguey [special_room_bee], guppyfry_snake_entry_garden,
          cheibrodos_lair_lostbears, uniq_erica
Lair:3:   layout_long_grid, gauntlet_entry_generic, lemuel_fruit_fields
Gauntlet: minmay_gauntlet_mixed_oops_all_seconds
          [minmay_gauntlet_arena_77_two_lines, nicolae_gauntlet_arena_quarters,
          minmay_gauntlet_arena_77_box, gammafunk_gauntlet_arena_mazey,
          minmay_gauntlet_arena_77_block_sizes, gammafunk_gauntlet_arena_grid,
          gauntlet_exit_hidden_loot]

Skill      XL: |  1  2  3  4  5  6  7  8  9 10 11 |
---------------+----------------------------------+-----
Dodging        | 2 3 4 |  4.5
Axes           | 3 4 5 7 8 10 12 | 12.5
Crossbows      | 5 6 7 8 9 10 | 10.3
Armour         | 2 3 5 |  5.3
Fighting       | 4 5 |  5.4
Shields        | 2 |  2.4
Stealth        | |  1.2

Action                   |  1- 3 |  4- 6 |  7- 9 | 10-12 || total
-------------------------+-------+-------+-------+-------++-------
Melee: Short sword       |    39 |       |       |       ||    39
       Spear             |    19 |       |       |       ||    19
       Hand axe          |     9 |    87 |       |       ||    96
       War axe           |       |    42 |   234 |   555 ||   831
 Fire: Hand crossbow     |    26 |    13 |    50 |    34 ||   123
Throw: Throwing net      |       |       |       |     1 ||     1
 Abil: Shaft Self        |       |       |     3 |     4 ||     7
       Dig               |       |       |     4 |     5 ||     9
Evoke: Wand              |       |       |       |     9 ||     9
  Use: Potion            |       |       |     7 |     3 ||    10
       Scroll            |       |       |       |     9 ||     9
Armor: Ring mail         |    23 |    50 |    28 |       ||   101
       Leather armour    |     1 |       |       |       ||     1
       Chain mail        |       |       |   144 |       ||   144
       Scale mail        |       |       |    41 |   298 ||   339
Dodge: Dodged            |    34 |    85 |   156 |   315 ||   590
Block: Buckler           |       |       |       |    43 ||    43

Table legend: (Time is in decaauts)
 A = Elapsed time spent in this place.
 B = Non-inter-level travel time spent in this place.
 C = Inter-level travel time spent in this place.
 D = Time resting spent in this place.
 E = Time spent auto-exploring this place.
 F = Levels seen in this place.
 G = Mean time per level.
                   A        B        C        D        E       F      G
               +--------+--------+--------+--------+--------+-----+--------+
         Total |  16178 |  15586 |    592 |   3147 |   9338 |  15 | 1078.5 |
       Dungeon |  15134 |  14551 |    583 |   2949 |   8882 |  10 | 1513.4 |
        Temple |    163 |    154 |      9 |      0 |     94 |   1 |  163.0 |
          Lair |    538 |    538 |      0 |    179 |    195 |   3 |  179.3 |
      Gauntlet |    341 |    341 |      0 |     19 |    167 |   1 |  341.0 |
               +--------+--------+--------+--------+--------+-----+--------+

Top non-repeatable levels by time:
    D:10: 1898 daAuts
     D:6: 1853 daAuts
     D:3: 1725 daAuts
     D:7: 1668 daAuts
     D:9: 1588 daAuts
     D:8: 1558 daAuts
     D:1: 1384 daAuts
     D:5: 1329 daAuts
     D:2: 1192 daAuts
     D:4: 935 daAuts
Gauntlet: 341 daAuts
  Lair:1: 301 daAuts
  Lair:3: 229 daAuts
  Temple: 163 daAuts
  Lair:2: 7 daAuts
